 Dungeon Crawl Stone Soup version 0.17-a0-2231-gd80ca38 (webtiles) character file.

40574 moonman the Unseen (level 13, -5/91 HPs)
             Began as a Vampire Enchanter on Oct 29, 2015.
             Was the Champion of Kikubaaqudgha.
             Slain by a dire elephant (15 damage)
             ... on level 3 of the Lair of Beasts.
             The game lasted 02:52:03 (28201 turns).

moonman the Unseen (Vampire Enchanter)             Turns: 28201, Time: 02:52:08

Health: -5/91      AC:  0    Str:  2    XL:     13   Next: 75%
Magic:  24/26      EV: 28    Int: 19    God:    Kikubaaqudgha [******]
Gold:   1572       SH:  0    Dex: 23    Spells: 10 memorised, 6 levels left

rFire  . . .     SeeInvis +     (weapon currently unavailable)
rCold  . . .     Clarity  .     (armour currently unavailable)
rNeg   + . .     SustAt   .     (shield currently unavailable)
rPois  .         Gourm    .     (helmet currently unavailable)
rElec  .         Spirit   .     (cloak currently unavailable)
rCorr  .         Warding  .     (gloves currently unavailable)
rMut   .         Stasis   .     (boots currently unavailable)
MR     +....                    X - amulet of faith
Stlth  +++++++++.               (ring currently unavailable)
                                (ring currently unavailable)

@: bat-form, flying, very quick, somewhat resistant to hostile enchantments,
incredibly stealthy
A: (fangs 0), see invisible, (unbreathing)
a: End Transformation, Receive Corpses, Torment, Brand Weapon With Pain, Receive
Necronomicon, Renounce Religion


You were on level 3 of the Lair of Beasts.
You worshipped Kikubaaqudgha.
Kikubaaqudgha was exalted by your worship.
You were not thirsty.
You were in vampire-bat-form.
You visited 3 branches of the dungeon, and saw 22 of its levels.
You also visited: Labyrinth.

You collected 1729 gold pieces.
You spent 157 gold pieces at shops.

Inventory:

Hand Weapons
 e - a +5 dagger of venom (melded)
 H - a +2 dagger of freezing
 P - the +4 mace of Hospitality {freeze, *Rage +Fly rN++ Str+4, unknown}
   (You found it on level 4 of the Lair of Beasts)

   It has been specially enchanted to freeze those struck by it, causing extra
   injury to most foes and up to half again as much damage against particularly
   susceptible opponents.
   It can also slow down cold-blooded creatures.
   It affects your strength (+4).
   It greatly protects you from negative energy.
   It lets you fly.
   It may make you go berserk in combat.
Missiles
 h - a poisoned javelin (quivered)
 s - 9 poisoned needles
Armour
 b - a +2 robe
 d - a steam dragon hide
 u - a +1 pair of gloves (melded)
 y - a +2 robe of magic resistance (melded)
 C - a +2 cloak of invisibility (melded)
 D - a +0 helmet (melded)
 R - a troll hide
Magical Staves
 v - an uncursed staff of conjuration
Jewellery
 l - a ring of wizardry (melded)
 x - a ring of magical power (melded)
 B - an uncursed amulet of clarity
 G - an uncursed amulet of stasis
 Q - an uncursed ring of protection from fire
 W - an uncursed ring of invisibility
 X - an amulet of faith (around neck)
Wands
 i - a wand of frost (9)
 j - a wand of disintegration (3)
 t - a wand of teleportation (3)
 Z - a wand of disintegration (0)
Scrolls
 f - 5 scrolls of remove curse
 q - a scroll of identify
 E - a scroll of recharging
 U - a scroll of blinking
Potions
 k - a potion of magic
 r - 5 potions of curing
 F - a potion of blood
 S - a potion of brilliance
Books
 a - Kikubaaqudgha's Tome of Sinister Secrets
   (Kikubaaqudgha gifted it to you on level 6 of the Dungeon)

   Spells                             Type                      Level
   a - Pain                           Necromancy                   1
   b - Corpse Rot                     Necromancy                   2
   c - Sublimation of Blood           Necromancy                   2
   d - Regeneration                   Charms/Necromancy            3
   e - Control Undead                 Necromancy                   4
 c - a book of Maledictions

   Spells                             Type                      Level
   a - Corona                         Hexes                        1
   b - Ensorcelled Hibernation        Hexes/Ice                    2
   c - Confuse                        Hexes                        3
   d - Tukima's Dance                 Hexes                        3
   e - Dazzling Spray                 Conjuration/Hexes            3
 g - Kikubaaqudgha's Compendium of Black Magic
   (Kikubaaqudgha gifted it to you on level 1 of the Lair of Beasts)

   Spells                             Type                      Level
   a - Animate Dead                   Necromancy                   4
   b - Excruciating Wounds            Charms/Necromancy            5
   c - Bolt of Draining               Conjuration/Necromancy       5
   d - Dispel Undead                  Necromancy                   5
   e - Death Channel                  Necromancy                   6
 I - a book of Spatial Translocations

   Spells                             Type                      Level
   a - Apportation                    Translocation                1
   b - Blink                          Translocation                2
   c - Shroud of Golubria             Charms/Translocation         2
   d - Portal Projectile              Translocation                3
   e - Teleport Other                 Translocation                3
   f - Passage of Golubria            Translocation                4
 J - a book of the Dragon

   Spells                             Type                      Level
   a - Flame Tongue                   Conjuration/Fire             1
   b - Cause Fear                     Hexes                        4
   c - Bolt of Fire                   Conjuration/Fire             6
   d - Dragon Form                    Transmutation                7
   e - Dragon's Call                  Summoning                    9
 V - a Young Poisoner's Handbook

   Spells                             Type                      Level
   a - Sting                          Conjuration/Poison           1
   b - Cure Poison                    Poison                       2
   c - Mephitic Cloud                 Conjuration/Poison/Air       3
   d - Olgreb's Toxic Radiance        Poison                       4
   e - Venom Bolt                     Conjuration/Poison           5
Miscellaneous
 m - a phantom mirror


   Skills:
 - Level 5.0 Fighting
 - Level 10.0 Short Blades
 + Level 6.8 Dodging
 + Level 19.2 Stealth
 - Level 9.3 Spellcasting
 - Level 15.3 Hexes
 + Level 7.5 Necromancy


You had 6 spell levels left.
You knew the following spells:

 Your Spells              Type           Power        Failure   Level  Hunger
a - Pain                  Necr           ####         1%          1    None
b - Ensorcelled Hibernat  Hex/Ice        #####.       1%          2    None
c - Confuse               Hex            ######..     1%          3    None
d - Dazzling Spray        Conj/Hex       #####...     1%          3    None
e - Tukima's Dance        Hex            ######..     1%          3    None
f - Corona                Hex            ######.      0%          1    None
g - Control Undead        Necr           #####.....   4%          4    ###....
h - Blink                 Tloc           N/A          14%         2    None
i - Cause Fear            Hex            ######....   1%          4    ###....
j - Sting                 Conj/Pois      #...         10%         1    None


Dungeon Overview and Level Annotations

Branches:
Dungeon (13/15)            Temple (0/1) D:7            Lair (5/8) D:8
 Shoals (0/4) Lair:3          Orc (4/4) D:9             Elf (0/3) Orc:3
  Snake: Lair:3-6    Spider: Lair:3-6    Vaults: D:13-14

Altars:
Cheibriados
Gozag
Kikubaaqudgha
Okawaru
Vehumet
Xom
Yredelemnul
Beogh

Shops:
D:7 [   D:9 }   D:10 !


Innate Abilities, Weirdness & Mutations

((You have razor-sharp teeth.))
You have supernaturally acute eyesight.
((You can survive without breathing.))


Message History

* * * LOW HITPOINT WARNING * * *
The dire elephant tramples you!
* * * LOW HITPOINT WARNING * * *
You stumble backwards!
Splash!
You fly out of the water as you turn into a vampire bat.
Your +5 dagger of venom melds into your body.
Your +2 cloak of invisibility melds into your body.
Your +0 helmet melds into your body.
Your +1 pair of gloves melds into your body.
Your +2 robe of magic resistance melds into your body.
Your ring of wizardry melds into your body.
Your ring of magical power melds into your body.
Your +5 dagger of venom stops dripping with poison.
You feel less resistant to hostile enchantments.
You feel your magic capacity decrease. The dire elephant tramples you.
* * * LOW HITPOINT WARNING * * *
You hold your ground!
The dire elephant trunk-slaps you!
You die...
Kikubaaqudgha rasps: "You have failed me!
Welcome... oblivion!"

##### ############
#≈≈≈###≈≈≈≈##≈≈≈≈≈ ########
#≈≈≈##≈≈≈≈≈≈##≈≈# #.##.#.##
#≈≈≈≈≈≈≈##≈≈≈#≈≈# ......#.#
#≈≈≈≈≈≈####≈≈≈≈## ........#
#≈Y############# P.......### #b##
#.# #.........#
♣≈♣♣♣♣#♣♣.♣##♣♣### #(........##
♣≈≈≈≈≈≈≈♣≈≈♣♣≈≈≈≈P #..........♣
♣≈≈≈≈≈≈≈≈≈≈≈≈≈≈≈≈≈
#..........#♣♣♣♣♣≈≈≈≈≈≈≈≈≈≈≈≈≈≈≈≈
#..............♣♣♣♣♣≈≈♣♣♣≈≈♣♣≈≈≈≈
#..........#..♣♣ ♣♣♣♣♣♣♣♣♣♣≈≈≈≈
.............#♣♣ ♣♣♣≈≈≈≈≈≈≈≈≈
...............♣ ♣♣♣...≈P≈≈≈≈≈.


You could see a dire elephant.

Vanquished Creatures
  The ghost of septik the Impaler, a journeyman GrFi of Okawaru (Orc:4)
  A minotaur (Lab)
  Erolcha (D:8)
  5 hydras
  A death yak (Lair:3)
  Nergalle (D:10)
  3 unseen horrors
  The ghost of Oddball22 the Transmogrifier, a novice DsTm of Sif Muna (D:8)
  A hill giant (D:12)
  An orc knight (Orc:4)
  A griffon (Lair:4)
  2 orc sorcerers
  3 cyclopes
  2 torpor snails (Lair:3)
  A black mamba (Lair:4)
  6 komodo dragons
  9 spiny frogs
  A fire drake (Lair:1)
  2 minotaur zombies (Lab)
  7 trolls
  A spriggan (D:7)
  38 yaks
  2 wraiths
  2 basilisks
  2 deep elf magi
  14 hippogriffs
  A hungry ghost (D:7)
  A steam dragon (D:11)
  6 wargs
  4 water moccasins
  9 wolves
  9 porcupines
  4 ice beasts
  A phantom (D:10)
  A sky beast (D:12)
  9 ogres
  2 black bears
  An eye of draining (D:12)
  4 necrophages
  5 orc warriors
  8 centaurs
  8 crocodiles
  A big kobold (D:12)
  14 giant frogs
  A wyvern zombie (D:6)
  A wyvern skeleton (D:9)
  2 scorpions
  3 vampire bats (D:5)
  8 wights
  15 killer bees
  2 centaur zombies
  4 lava snakes (Lab)
  6 electric eels
  7 crimson imps
  2 jellies
  5 giant frog skeletons
  A giant frog zombie (D:8)
  7 hounds
  18 orc wizards
  3 centaur skeletons
  An iron imp (D:6)
  5 worker ants
  Jessica (D:2)
  A gnoll shaman (D:5)
  Natasha (D:2)
  12 orc priests
  10 iguanas
  11 hell rats (Lair:1)
  2 killer bee zombies (D:11)
  16 sheep
  5 hound skeletons
  2 hound zombies
  20 adders
  12 gnolls
  2 shadow imps
  35 river rats
  An ooze (D:1)
  An adder skeleton (D:9)
  6 worms
  123 orcs
  4 ball pythons
  9 bats
  2 bat skeletons (D:5)
  2 bat zombies (D:5)
  4 giant cockroaches
  11 goblins
  12 hobgoblins
  14 jackals
  A giant cockroach zombie (D:6)
  3 giant geckos
  10 giant newts
  A jackal skeleton (D:5)
  14 kobolds
  3 quokkas
  13 rats
  A plant (Lair:3)
653 creatures vanquished.

Vanquished Creatures (collateral kills)
  2 orc knights (Orc:3)
  3 orc warriors
  An orc priest (Orc:1)
  3 orc wizards
  A sheep (D:13)
  9 orcs
19 creatures vanquished.

Vanquished Creatures (others)
  8 fungi
  14 plants
  13 toadstools (Lair:3)
35 creatures vanquished.

Grand Total: 707 creatures vanquished

Notes
Turn   | Place    | Note
--------------------------------------------------------------
     0 | D:1      | moonman the Vampire Enchanter began the quest for the Orb.
     0 | D:1      | Reached XP level 1. HP: 13/13 MP: 3/3
   136 | D:1      | Reached XP level 2. HP: 13/19 MP: 1/5
   142 | D:1      | Learned a level 2 spell: Ensorcelled Hibernation
   371 | D:1      | Reached skill level 5 in Hexes
   669 | D:1      | Reached XP level 3. HP: 24/24 MP: 6/6
   699 | D:1      | Reached skill level 5 in Stealth
  1284 | D:2      | Noticed Jessica
  1324 | D:2      | Reached XP level 4. HP: 30/30 MP: 5/8
  1341 | D:2      | Found a faded altar to an unknown god.
  1426 | D:2      | Noticed Natasha
  1429 | D:2      | Killed Natasha
  1429 | D:2      | Reached skill level 6 in Hexes
  1447 | D:2      | Learned a level 3 spell: Confuse
  1451 | D:2      | Learned a level 3 spell: Dazzling Spray
  1479 | D:2      | Killed Jessica
  1479 | D:2      | Reached XP level 5. HP: 35/35 MP: 4/9
  2594 | D:3      | Reached XP level 6. HP: 41/41 MP: 11/11
  2599 | D:3      | Learned a level 3 spell: Tukima's Dance
  2716 | D:3      | Reached skill level 7 in Hexes
  3417 | D:3      | Found a shimmering altar of Xom.
  3436 | D:3      | Found a basalt altar of Yredelemnul.
  3441 | D:3      | Found a radiant altar of Vehumet.
  4625 | D:4      | Reached XP level 7. HP: 30/46 MP: 11/13
  4834 | D:4      | Reached skill level 8 in Stealth
  5015 | D:5      | Entered Level 5 of the Dungeon
  5934 | D:5      | Reached skill level 9 in Stealth
  6056 | D:5      | Reached skill level 5 in Spellcasting
  6418 | D:5      | Found an ancient bone altar of Kikubaaqudgha.
  6424 | D:5      | Reached XP level 8. HP: 46/52 MP: 8/15
  6433 | D:5      | Became a worshipper of Kikubaaqudgha
  6692 | D:6      | Reached skill level 1 in Fighting
  6763 | D:6      | Reached skill level 10 in Stealth
  7124 | D:6      | Reached skill level 10 in Hexes
  7163 | D:6      | Found an opulent altar of Gozag.
  7446 | D:6      | Reached * piety under Kikubaaqudgha
  7446 | D:6      | Received a gift from Kikubaaqudgha
  7450 | D:6      | Identified Kikubaaqudgha's Tome of Sinister Secrets (Kikubaaqudgha gifted it to you on level 6 of the Dungeon)
  7453 | D:6      | Learned a level 1 spell: Pain
  7458 | D:6      | Learned a level 4 spell: Control Undead
  7554 | D:6      | Found an iron altar of Okawaru.
  7632 | D:6      | Reached skill level 1 in Necromancy
  7838 | D:6      | Reached skill level 11 in Stealth
  7841 | D:6      | Found a snail-covered altar of Cheibriados.
  7847 | D:6      | Reached XP level 9. HP: 54/64 MP: 13/17
  8314 | D:7      | Found a staircase to the Ecumenical Temple.
  8539 | D:7      | Reached skill level 12 in Stealth
  8873 | D:7      | Found Zuaty's Antique Armour Shoppe.
  8893 | D:7      | Bought a runed cloak for 112 gold pieces
  9217 | D:8      | Reached skill level 5 in Fighting
  9364 | D:8      | Noticed Oddball22's ghost (novice DsTm)
  9408 | D:8      | Found a staircase to the Lair.
  9409 | D:8      | Noticed a komodo dragon
 10013 | D:8      | Reached skill level 5 in Necromancy
 10053 | D:8      | Killed a komodo dragon
 10160 | D:8      | Reached ** piety under Kikubaaqudgha
 10174 | D:8      | Reached XP level 10. HP: 52/74 MP: 2/18
 10418 | D:8      | Reached skill level 13 in Stealth
 10624 | Lair:1   | Entered Level 1 of the Lair of Beasts
 10646 | Lair:1   | Noticed an eight-headed hydra
 11161 | Lair:1   | Learned a level 2 spell: Blink
 11690 | Lair:1   | Reached skill level 5 in Short Blades
 12038 | Lair:1   | Killed an eight-headed hydra
 12038 | Lair:1   | Reached skill level 14 in Stealth
 13071 | Lair:1   | Reached *** piety under Kikubaaqudgha
 13071 | Lair:1   | Received a gift from Kikubaaqudgha
 13072 | Lair:1   | Identified Kikubaaqudgha's Compendium of Black Magic (Kikubaaqudgha gifted it to you on level 1 of the Lair of Beasts)
 13152 | Lair:2   | Reached XP level 11. HP: 79/79 MP: 18/21
 13158 | Lair:2   | Learned a level 4 spell: Cause Fear
 13341 | Lair:2   | Noticed a seven-headed hydra
 13346 | Lair:2   | Killed a seven-headed hydra
 13346 | Lair:2   | Reached skill level 15 in Stealth
 14605 | Lair:3   | Noticed a death yak
 15193 | Lair:3   | Noticed a five-headed hydra
 15204 | Lair:3   | Noticed a seven-headed hydra
 15217 | Lair:3   | Found a staircase to the Shoals.
 15373 | Lair:3   | Reached skill level 16 in Stealth
 15572 | Lair:3   | Reached skill level 5 in Dodging
 15900 | Lair:3   | Reached **** piety under Kikubaaqudgha
 16513 | Lair:4   | Reached XP level 12. HP: 86/86 MP: 14/23
 16572 | Lair:4   | Got a twisted mace
 16621 | Lair:4   | Noticed a death yak
 16622 | Lair:4   | Noticed a death yak
 16622 | Lair:4   | Noticed a death yak
 17154 | Lair:3   | Reached skill level 17 in Stealth
 17406 | Lair:3   | Killed a five-headed hydra
 17416 | Lair:3   | Noticed a five-headed hydra
 17619 | D:8      | Noticed Erolcha
 17690 | D:8      | Killed Erolcha
 17923 | D:8      | Killed Oddball22's ghost
 18292 | D:9      | Found Zion's Gadget Shop.
 18432 | D:9      | Found a staircase to the Orcish Mines.
 18809 | Orc:1    | Entered Level 1 of the Orcish Mines
 18960 | Orc:1    | Reached skill level 10 in Short Blades
 19439 | Orc:3    | Found a roughly hewn altar of Beogh.
 19475 | Orc:3    | Found a staircase to the Elven Halls.
 19496 | Orc:3    | Reached ***** piety under Kikubaaqudgha
 19971 | Orc:4    | Entered Level 4 of the Orcish Mines
 19971 | Orc:4    | Noticed septik's ghost (journeyman GrFi)
 20302 | Orc:4    | Killed septik's ghost
 22515 | D:10     | Entered Level 10 of the Dungeon
 22523 | D:10     | Noticed Nergalle
 22528 | D:10     | Killed Nergalle
 22528 | D:10     | Reached skill level 18 in Stealth
 23002 | D:10     | Reached XP level 13. HP: 84/91 MP: 18/25
 23074 | D:10     | Found Sargh's Distillery.
 23077 | D:10     | Bought a potion of degeneration for 13 gold pieces
 23077 | D:10     | Bought a potion of mutation for 32 gold pieces
 24929 | D:12     | Reached skill level 15 in Hexes
 25363 | D:12     | Reached ****** piety under Kikubaaqudgha
 26014 | D:13     | Identified a scroll of acquirement
 26059 | D:13     | Learned a level 1 spell: Sting
 26090 | D:13     | Found a labyrinth entrance.
 26096 | Lab      | Entered a labyrinth
 26287 | Lab      | Reached skill level 19 in Stealth
 26332 | Lab      | Got a faintly glowing silver ring
 26334 | Lab      | Identified the cursed ring of Zajawkot {rC- rN+ MR+ Dex-2} (You found it in a labyrinth)
 26985 | Lair:3   | Killed a death yak
 27174 | Lair:3   | Killed a five-headed hydra
 27311 | Lair:3   | Noticed a dire elephant
 27590 | Lair:3   | Noticed a catoblepas
 28048 | Lair:3   | Killed a seven-headed hydra
 28201 | Lair:3   | Slain by a dire elephant

Vault maps used:
D:1:      dpeg_arrival_renting, roderic_ancient_swastika
D:2:      ecumenical_altar_2, uniq_jessica, uniq_natasha
D:3:      grunt_temple_overflow_diamond, first_bread
D:4:      forest_paths
D:5:      kennysheep_vampire_church
D:6:      lemuel_crystal_altar, kennysheep_little_box, slow_altar_1,
          enter_ossuary_2
D:7:      temple_pool_b, serial_shops, shop, the_bakery
D:8:      david_lair_shrubbed, uniq_erolcha
D:9:      orc_0_dummy, serial_shops, shop
D:10:     serial_shops, kennysheep_mini_moat, uniq_nergalle
D:11:     kennysheep_generic_room_15
D:13:     lab_entry_generic, serial_glass, glass_columns_a, glass_columns_a,
          glass_columns_b, glass_columns_a, glass_columns_a, glass_columns_b,
          due_unseen_surprise, item_on_display_a, feat_on_display,
          lemuel_angel_altar
Lair:1:   lemuel_ratsnest
Lair:2:   infiniplex_staircase_pool
Lair:3:   gammafunk_lair_enchanted_lake, minmay_shoals_entry_centaurs
Lair:4:   serial_bayou_shore_a, grunt_megastairs_2
Lair:5:   nicolae_spider_entry_non_spiders, infiniplex_staircase_pool_2,
          grunt_megastairs_4
Orc:1:    enter_bailey_2
Orc:3:    basic_altar, nicolae_orc_pool_cavern
Orc:4:    st_orc_town, basic_altar
Lab:      labyrinth_hidden_loot, labyrinth_fake_exit, labyrinth_lava_lair,
          lab_fountain, nicolae_lab_diamond, lab_block, nicolae_lab_statue,
          nicolae_lab_starburst, nicolae_lab_quarters

Action                   |  1- 3 |  4- 6 |  7- 9 | 10-12 | 13-15 || total
-------------------------+-------+-------+-------+-------+-------++-------
Melee: Dagger            |   110 |   238 |   303 |   783 |   377 ||  1811
Throw: Javelin           |       |       |     2 |    11 |       ||    13
 Cast: Corona            |    11 |    10 |     4 |     1 |       ||    26
       Ensorcelled Hiber |    19 |    14 |    31 |    66 |    13 ||   143
       Dazzling Spray    |       |    14 |    49 |    46 |    23 ||   132
       Confuse           |       |    10 |    38 |   184 |    93 ||   325
       Pain              |       |       |     7 |    45 |     2 ||    54
       Blink             |       |       |       |     2 |     3 ||     5
       Cause Fear        |       |       |       |     2 |       ||     2
       Tukima's Dance    |       |       |       |    13 |     1 ||    14
       Control Undead    |       |       |       |     1 |       ||     1
Invok: Torment           |       |       |       |     1 |       ||     1
 Abil: Bat Form          |       |       |       |       |     1 ||     1
Evoke: Wand              |       |     3 |     3 |    20 |     4 ||    30
  Use: Potion            |     6 |     3 |     9 |    11 |    12 ||    41
       Scroll            |     3 |     7 |    10 |    13 |    11 ||    44
 Stab: Sleeping          |    21 |    25 |    39 |    72 |    35 ||   192
       Invisible         |       |     3 |     9 |    10 |     7 ||    29
       Confused          |       |     2 |    15 |    54 |    37 ||   108
       Distracted        |       |       |     1 |     3 |     3 ||     7
       Fleeing           |       |       |       |     1 |       ||     1
  Eat: Corpse            |     7 |     9 |    12 |    39 |    13 ||    80
